AoeStats
← Brahmaking

Arena

509136970Analyzed
1v1 RM · 6d ago on Sep 25, 2026· 52m 52s· 2 players
Game mode
Random Map
Map size
Tiny (2 player)
Population
200
Speed
Normal
Resources
Standard
Victory
Conquest
Starting age
Dark Age
Ending age
Imperial Age
RankedLock teamsTeams togetherTeam positionsShared explorationLock speedFull tech treeHidden civsTurbo modeCheats
Victory
Defeat
🇲🇹 Mongols · Malta
401
+17
🇮🇳 Japanese · India
422
-17
Brahmaking
14:16 Feudal Age
15:01 Double-Bit Axe
15:53 Wheelbarrow
15:29 Town Watch
16:06 Stone Mining
16:10 Gold Mining
16:07 Loom
16:15 Horse Collar
24:42 Castle Age
24:51 Scale Mail Armor
25:01 Forging
24:43 Fletching
24:54 Padded Archer Armor
26:23 Heavy Plow
26:36 Crossbowman
29:31 Gold Shaft Mining
30:50 Bow Saw
33:32 Nomads
34:34 Ballistics
34:40 Elite Skirmisher
36:40 Chain Mail Armor
36:56 Thumb Ring
42:50 Imperial Age
40:36 Hand Cart
40:21 Town Patrol
41:55 Town Patrol
42:41 Iron Casting
42:02 Bodkin Arrow
42:22 Leather Archer Armor
43:56 Conscription
44:48 Chemistry
43:14 Arbalester
46:30 Plate Mail Armor
47:02 Drill
49:56 Hoardings
51:54 Scale Barding Armor
51:49 Bracer
Gundappa
0:49 Loom
14:11 Feudal Age
18:36 Castle Age
16:23 Town Watch
17:35 Double-Bit Axe
24:12 Horse Collar
25:45 Gold Mining
25:48 Stone Mining
30:11 Town Patrol
30:47 Wheelbarrow
34:04 Imperial Age
33:17 Murder Holes
33:32 Fortified Wall
36:07 Chemistry
35:30 Ballistics
35:18 Elite Samurai
43:38 Thumb Ring
42:54 Crossbowman
44:20 Arbalester
44:30 Arbalester
49:33 Kataparuto
Connection lost

Rejoining the realm…

Still unreachable

The connection could not be restored.

Session expired

The server has moved on; the page needs a fresh start.